 Dungeon Crawl Stone Soup version 0.29-a0-994-gc5c9f59d18 (webtiles) character file.

Game seed: 15344643461521271823

2609 ytrimaz the Basher (level 9, -1/64 HPs)
             Began as a Formicid Fighter on Aug 3, 2022.
             Was a Follower of Okawaru.
             Slain by a gnoll
             ... wielding a +0 spear
             ... led by a gnoll bouda
              (6 damage)
             ... on level 7 of the Dungeon.
             The game lasted 00:08:39 (7107 turns).

ytrimaz the Basher (Formicid Fighter)               Turns: 7107, Time: 00:08:39

Health: -1/64      AC: 13    Str: 32    XL:     9   Next: 90%
Magic:  9/9        EV:  7    Int:  7    God:    Okawaru [*.....]
Gold:   450        SH:  5    Dex: 13    Spells: 8/8 levels left

rFire   + . .      SeeInvis +   w - +0 morningstar
rCold   + . .      Faith    .   c - +0 buckler
rNeg    . . .      Spirit   .   q - +0 plate armour
rPois   +          Reflect  .   (helmet unavailable)
rElec   .          Harm     .   o - scarf {rC+ rF+}
rCorr   .          Rampage  .   t - +1 pair of gloves
Will    .....                   (no boots)
Stlth   ..........              (no amulet)
HPRegen 0.20/turn               i - +6 ring of strength
MPRegen 0.11/turn               b - ring of poison resistance

@: weakened
A: permanent stasis, dig shafts and tunnels, antennae 3, four strong arms
a: Dig, Shaft Self, Renounce Religion, Heroism


You were on level 7 of the Dungeon.
You worshipped Okawaru.
Okawaru was aware of your devotion.
You visited 2 branches of the dungeon, and saw 8 of its levels.

You collected 450 gold pieces.

Inventory:

Hand Weapons
 a - a +0 flail
 w - a +0 morningstar (weapon)
 x - a +0 giant club
Missiles
 g - 6 boomerangs
Armour
 c - a +0 buckler (worn)
 o - a scarf of resistance (worn)
 q - a +0 plate armour (worn)
 t - a +1 pair of gloves (worn)
Jewellery
 b - a ring of poison resistance (right hand)
 i - a +6 ring of strength (left hand)
 k - a ring of wizardry
 l - a ring of positive energy
 m - a ring of fire
Wands
 e - a wand of flame (10)
 r - a wand of roots (9)
Scrolls
 h - 2 scrolls of poison
 j - 2 scrolls of torment
 u - 2 scrolls of butterflies
 v - a scroll of brand weapon {unknown}
 y - a scroll of identify
Potions
 d - a potion of invisibility {unknown}
 f - 2 potions of ambrosia
 n - a potion of flight
 p - a potion of magic
 s - 2 potions of curing {unknown}
 z - a potion of attraction {unknown}


   Skills:
 - Level 3.2 Fighting
 + Level 12.8 Maces & Flails
 - Level 3.2 Armour
 - Level 4.0 Shields


You had 8 spell levels left.
You didn't know any spells.
Your spell library contained the following spells:

 Spells                   Type           Power      Damage    Failure   Level
 Apportation              Tloc           0%         N/A       99%         1
 Necrotise                Necr           0%         1d4       99%         1
 Scorch                   Fire           0%         2d5       100%        2
 Flame Wave               Conj/Fire      0%         2d4       100%        4
 Summon Small Mammal      Summ           Unusable   N/A       N/A         1
 Summon Cactus Giant      Summ           Unusable   N/A       N/A         6

Dungeon Overview and Level Annotations

Branches:
Dungeon (7/15)             Temple (1/1) D:7

Altars:
Ashenzari
Cheibriados
Dithmenos
Elyvilon
Fedhas
Gozag
Kikubaaqudgha
Makhleb
Okawaru
Ru
Sif Muna
Trog
Wu Jian
Xom
Yredelemnul
Zin

Shops:
D:3 ?


Innate Abilities, Weirdness & Mutations

You cannot be hasted, slowed, berserked, paralysed or teleported.
You can dig through walls and to a lower floor.
You have a pair of large antennae on your head. (SInv)
Your four strong arms can wield two-handed weapons with a shield.


Message History

Okawaru accepts your kill. The gnoll hits you with a +0 flail.
The gnoll closely misses you.
Unknown command.
You hit the gnoll.
The gnoll is heavily wounded.
The gnoll closely misses you. You block the gnoll's attack.
Unknown command.
You closely miss the gnoll.
The gnoll is heavily wounded.
The gnoll barely misses you.
Unknown command.
You hit the gnoll.
The gnoll is almost dead.
The gnoll hits you from afar with a +0 halberd.
The gnoll hits you but does no damage.
Unknown command.
You puncture the gnoll!
You kill the gnoll!
Okawaru accepts your kill.
The gnoll is no longer moving quickly.
You block the gnoll's attack.
Unknown command.
The gnoll barely misses you.
The gnoll hits you from afar with a +0 spear!
* * * LOW HITPOINT WARNING * * *
There is an open door, spattered with blood here.
Things that are here:
a +0 club; a +0 leather armour; a gnoll corpse You barely miss the gnoll.
The gnoll hits you with a +0 halberd.
* * * LOW HITPOINT WARNING * * *
You block the gnoll's attack.
Unknown command.
You barely miss the gnoll. The gnoll hits you but does no damage.
The gnoll completely misses you.
Unknown command.
You barely miss the gnoll. The gnoll hits you with a +0 halberd!
* * * LOW HITPOINT WARNING * * *
The gnoll hits you but does no damage.
You barely miss the gnoll. The gnoll hits you but does no damage.
The gnoll hits you from afar with a +0 spear.
You die...

#...#.............
#...###+##'##+###.#
....#.....#.....#.#
...##.....#...).#.#
....+##+##'##+##+.#
....# #...).#..#.#
...## #+###)#..#.#
...# #....)#..#)#
.... +.._..'..@)#
.... #.....#.)#g# .
#+###+#..#g# #..#.#
+##'.# ###


You could see 2 gnolls.

Vanquished Creatures
  Pikel (D:4)
  Grinder (D:4)
  2 water moccasins
  A black bear (D:6)
  An ice beast (D:6)
  2 ogres (D:5)
  A necrophage (D:7)
  2 gnoll sergeants (D:7)
  3 scorpions
  4 wights (D:7)
  4 killer bees (D:7)
  A howler monkey (D:6)
  A crimson imp (D:7)
  5 hounds
  A gnoll bouda (D:7)
  3 iguanas
  2 orc wizards (D:5)
  7 adders
  9 gnolls (D:7)
  2 white imps (D:5)
  5 worms
  7 dart slugs
  17 orcs
  9 endoplasms
  3 giant cockroaches
  8 goblins
  4 hobgoblins
  5 jackals
  5 quokkas
  3 ball pythons
  3 bats
  2 frilled lizards
  8 kobolds
  5 rats
  A spectral kobold (D:1)
138 creatures vanquished.

Notes
Turn   | Place    | Note
-------+----------+-------------------------------------------
     0 | D:1      | ytrimaz the Formicid Fighter began the quest for the Orb.
     0 | D:1      | Reached XP level 1. HP: 18/18 MP: 1/1
   188 | D:1      | Reached XP level 2. HP: 19/24 MP: 2/2
   360 | D:1      | Reached skill level 3 in Maces & Flails
   474 | D:1      | Reached XP level 3. HP: 29/29 MP: 3/3
   691 | D:1      | Found a faded altar of an unknown god.
  1384 | D:2      | Reached skill level 4 in Maces & Flails
  1384 | D:2      | Reached XP level 4. HP: 35/35 MP: 4/4
  1908 | D:3      | You fall into a shaft and drop 2 floors!
  1908 | D:5      | Entered Level 5 of the Dungeon
  1943 | D:5      | Noticed a water moccasin
  1958 | D:5      | You fall into a shaft and drop 2 floors!
  2018 | D:6      | Reached XP level 5. HP: 41/41 MP: 5/5
  2110 | D:5      | Reached skill level 5 in Maces & Flails
  2443 | D:5      | Killed a water moccasin
  2444 | D:5      | Reached skill level 6 in Maces & Flails
  2444 | D:5      | Reached XP level 6. HP: 16/47 MP: 6/6
  2986 | D:4      | Noticed Grinder
  3006 | D:4      | Killed Grinder
  3007 | D:4      | Reached skill level 7 in Maces & Flails
  3007 | D:4      | Reached XP level 7. HP: 35/52 MP: 7/7
  3688 | D:3      | Found an ancient bone altar of Kikubaaqudgha.
  3722 | D:3      | Found Ywoho's Magic Scroll Shoppe.
  3744 | D:3      | Found a shadowy altar of Dithmenos.
  3993 | D:3      | Found an opulent altar of Gozag.
  4198 | D:4      | Reached skill level 8 in Maces & Flails
  4276 | D:4      | Noticed Pikel
  4303 | D:4      | Killed Pikel
  4304 | D:4      | Reached skill level 9 in Maces & Flails
  4304 | D:4      | Reached XP level 8. HP: 21/58 MP: 8/8
  4908 | D:5      | Reached skill level 10 in Maces & Flails
  4950 | D:5      | Found a shimmering blue altar of Sif Muna.
  5090 | D:5      | Found a glowing silver altar of Zin.
  5293 | D:6      | Reached XP level 9. HP: 58/64 MP: 9/9
  5381 | D:6      | Reached skill level 11 in Maces & Flails
  6026 | D:7      | Found a staircase to the Ecumenical Temple.
  6102 | Temple   | Entered the Ecumenical Temple
  6177 | Temple   | Became a worshipper of Warmaster Okawaru
  6320 | D:7      | Reached skill level 12 in Maces & Flails
  6461 | D:7      | Found a burning altar of Makhleb.
  6461 | D:7      | Found a shimmering altar of Xom.
  6917 | D:7      | Found a basalt altar of Yredelemnul.
  6922 | D:7      | Reached * piety under Okawaru
  7107 | D:7      | Slain by a gnoll

Illustrated notes

Levels and vault maps discovered:
D:1:      dpeg_arrival_three_smaller_balls, layout_basic,
          dreamdust_ecumenical_altar_drowned_temple
D:2:      layout_rooms, minivault_14, grunt_ministairs_14,
          hangedman_decor_peaks_small, grunt_decor_arrowhead
D:3:      layout_basic, mainiacjoe_overflow_paths,
          mainiacjoe_overflow_boulevard, lemuel_crystal_altar, serial_shops,
          shop
D:4:      layout_basic, uniq_pikel, uniq_grinder
D:5:      layout_cave_pools, mainiacjoe_overflow_six_doors_small, zin_academy
D:6:      layout_loops_cross
D:7:      layout_cave_pools, grunt_temple_overflow_champion_of_chaos,
          nicolae_overflow_crystal_walls, mainiacjoe_overflow_24_doors,
          minmay_temple_entry_grid, serial_gnoll_camp, gnoll_camp_mini_hut,
          gnoll_camp_mini_basic, gnoll_camp_mini_house,
          gnoll_camp_mini_loothouse
Temple:   hellmonk_temple_micro_hex

Skill      XL: |  1  2  3  4  5  6  7  8  9 |
---------------+----------------------------+-----
Maces & Flails | 3 4 6 7 9 10 12 | 12.8
Fighting       | |  3.2
Armour         | |  3.2
Shields        | |  4.0

Action                   |  1- 3 |  4- 6 |  7- 9 || total
-------------------------+-------+-------+-------++-------
Melee: Flail             |   101 |   108 |   228 ||   437
       Morningstar       |       |       |    44 ||    44
       Giant club        |       |       |    16 ||    16
 Abil: Shaft Self        |       |     1 |       ||     1
       Dig               |       |     1 |     2 ||     3
  Use: Scroll            |     4 |     5 |     4 ||    13
       Potion            |       |     2 |     3 ||     5
Armor: Scale mail        |    48 |       |       ||    48
       Plate armour      |     4 |    70 |   147 ||   221
       Skin              |       |       |     3 ||     3
Dodge: Dodged            |    56 |    49 |   100 ||   205
Block: Buckler           |    27 |    25 |    61 ||   113

Table legend: (Time is in decaauts)
 A = Elapsed time spent in this place.
 B = Non-inter-level travel time spent in this place.
 C = Inter-level travel time spent in this place.
 D = Time resting spent in this place.
 E = Time spent auto-exploring this place.
 F = Levels seen in this place.
 G = Mean time per level.
                   A        B        C        D        E       F      G
               +--------+--------+--------+--------+--------+-----+--------+
         Total |   7142 |   6945 |    197 |   1262 |   4255 |   8 |  892.8 |
       Dungeon |   7063 |   6875 |    188 |   1262 |   4189 |   7 | 1009.0 |
        Temple |     79 |     70 |      9 |      0 |     66 |   1 |   79.0 |
               +--------+--------+--------+--------+--------+-----+--------+

Top non-repeatable levels by time:
     D:5: 1408 daAuts
     D:3: 1064 daAuts
     D:4: 978 daAuts
     D:7: 950 daAuts
     D:1: 936 daAuts
     D:2: 862 daAuts
     D:6: 862 daAuts
  Temple: 79 daAuts
